 Dungeon Crawl Stone Soup version 0.31-a0-7-g51783674b7 (webtiles) character file.

Game seed: 8294998158451074517

88 dialectric the Trooper (level 4, -1/29 HPs)
             Began as a Gargoyle Fighter on May 6, 2023.
             Killed from afar by Dowan (11 damage)
             ... with a puff of flame
             ... on level 4 of the Dungeon.
             The game lasted 00:02:08 (1999 turns).

dialectric the Trooper (Gargoyle Fighter)           Turns: 1999, Time: 00:02:09

Health: -1/29      AC: 13    Str: 21    XL:     4   Next: 53%
Magic:  4/4        EV: 10    Int:  9    God:
Gold:   105        SH:  0    Dex:  9    Spells: 3/3 levels left

rFire   . . .        t - +0 morningstar
rCold   . . .        (no shield)
rNeg    + . .        b - +0 scale mail
rPois   ∞            i - +0 helmet
rElec   +            p - +0 cloak
rCorr   .            (no gloves)
SInv    .            (no boots)
Will    .....        (no amulet) Stlth
                     (no ring)
HPRegen 0.24/turn    (no ring)
MPRegen 0.09/turn

%: no passive effects
@: no status effects
A: sickness immunity, AC +3, negative energy resistance 1, electricity
resistance, torment resistance 1, petrification resistance
a: no special abilities


You were on level 4 of the Dungeon.
You visited 1 branch of the dungeon, and saw 4 of its levels.

You collected 105 gold pieces.

Inventory:

Hand Weapons
 a - a +0 flail
 t - a +0 morningstar (weapon)
Missiles
 j - 11 poisoned darts (quivered)
Armour
 b - a +0 scale mail (worn)
 c - a +0 buckler
 i - a +0 helmet (worn)
 l - a +0 plate armour
 p - a +0 cloak (worn)
Scrolls
 e - 2 scrolls of teleportation {unknown}
 g - 2 scrolls of identify {unknown}
 h - a scroll of enchant weapon {unknown}
 m - a scroll of enchant armour {unknown}
 n - a scroll of blinking {unknown}
 o - a scroll of fear {unknown}
 r - a scroll of amnesia {unknown}
Potions
 d - a potion of might
 f - a potion of flight {unknown}
 k - 2 potions of curing {unknown}
 q - a potion of heal wounds {unknown}
 s - a potion of resistance {unknown}


   Skills:
 + Level 4.1 Fighting
 * Level 2.9 Maces & Flails
 + Level 4.0 Armour
 - Level 1.1 Dodging
 - Level 3.2 Shields


You had 3 spell levels left.
You didn't know any spells.
Your spell library contained the following spells:

 Spells                   Type           Power      Damage    Failure   Level
 Ozocubu's Armour         Ice            0%         N/A       97%         3
 Portal Projectile        Hex/Tloc       0%         N/A       97%         3
 Tukima's Dance           Hex            0%         N/A       97%         3
 Blade Hands              Tmut           0%         N/A       100%        5
 Ozocubu's Refrigeration  Ice            0%         4d7       100%        7


Dungeon Overview and Level Annotations

Branches:
Dungeon (4/15)
 Temple: D:4-7

Altars:
Ru
Sif Muna
Xom

Annotations:
D:4 Dowan, Duvessa


Innate Abilities, Weirdness & Mutations

You are immune to sickness and miasma.
Your stone body is resilient. (AC +3)
You are immune to poison.
You resist negative energy. (rN+)
You are resistant to electric shocks. (rElec)
You are resistant to unholy torment.
You are immune to petrification.


Message History

The quokka is heavily wounded.
The quokka bites you but does no damage.
The quokka bites you.
You miss the quokka.
The quokka is heavily wounded.
The quokka bites you but does no damage.
You completely miss the quokka.
The quokka is heavily wounded.
The quokka barely misses you. The quokka closely misses you.
You barely miss the quokka.
The quokka is heavily wounded.
The quokka bites you but does no damage. x2
You completely miss the quokka.
The quokka is heavily wounded.
The quokka barely misses you.
You sock the quokka!
You kill the quokka!
No target in view!
No target in view!
No target in view!
No target in view!
No target in view!
Duvessa, Sister of Dowan comes into view.
She is wielding a +3 short sword.
Found a quarterstaff.
Duvessa shouts!
Dowan, Brother of Duvessa comes into view.
He is wielding a +3 dagger.
Dowan shouts!
There are monsters nearby!
There are monsters nearby!
There are monsters nearby!
Found a pink potion.
Duvessa hits you with a +3 short sword.
There are monsters nearby!
You hit Duvessa but do no damage.
Dowan gestures at Duvessa while chanting.
Duvessa seems to speed up.
Duvessa hits you with a +3 short sword. x2
Dowan hits you with a +3 dagger. Dowan attacks as you move away!
Dowan hits you but does no damage.
Dowan points at you and mumbles some strange words.
The puff of flame hits you!
You die...

.).................#..+
..............#....#####
.........##...#.##.†...#
#.........#<....###.')..#
#...........###.....##'##
..........?.#.#......#..#
.....................#..#
##...#...............##+#
....#...@..†..........#
#..ee.....#........#
............##..>...#+#
............#.......#
.................!..#
!......#.....####...#
.......###..## .......
... ##..... ....


You could see Duvessa (fast) and Dowan.

Vanquished Creatures
  An orc priest (D:3)
  An adder (D:2)
  A worm (D:3)
  A dart slug (D:1)
  3 orcs
  2 endoplasms
  2 giant cockroaches (D:1)
  3 goblins
  3 hobgoblins
  4 quokkas
  3 ball pythons
  4 frilled lizards
  8 kobolds
  4 rats
40 creatures vanquished.

Notes
Turn   | Place    | Note
-------+----------+-------------------------------------------
     0 | D:1      | dialectric the Gargoyle Fighter began the quest for the
                  | Orb.
     0 | D:1      | Reached XP level 1. HP: 14/14 MP: 1/1
   397 | D:1      | Reached XP level 2. HP: 6/19 MP: 2/2
  1062 | D:2      | Reached XP level 3. HP: 20/24 MP: 3/3
  1181 | D:2      | Found a shimmering blue altar of Sif Muna.
  1394 | D:3      | Found a shimmering altar of Xom.
  1556 | D:3      | Reached skill level 1 in Dodging
  1556 | D:3      | Reached XP level 4. HP: 24/29 MP: 4/4
  1754 | D:3      | Found a sacrificial altar of Ru.
  1994 | D:4      | Noticed Duvessa
  1994 | D:4      | Noticed Dowan
  1999 | D:4      | Killed from afar by Dowan

Illustrated notes

Levels and vault maps discovered:
D:1:      dpeg_arrival_three_smaller_balls, layout_loops_ring
D:2:      layout_basic, basic_altar, serial_shops, nicolae_lakefront_shop,
          chequers_garden
D:3:      layout_rooms, old_standard_altar, nicolae_ru_path_of_blood
D:4:      corexii_shantytown, layout_cave_pools,
          beargit_hepliaklqana_dungeon_heroes, mainiacjoe_overflow_tiny_flanked,
          minmay_temple_entry_statues_pillars, uniq_duvessa

Skill      XL: |  1  2  3  4 |
---------------+-------------+-----
Armour         | 4 |  4.0
Dodging        | 1 |  1.1
Fighting       | 4 |  4.1
Maces & Flails | |  2.9
Shields        | |  3.2

Action                     |  1- 3 |  4- 6 || total
---------------------------+-------+-------++-------
  Melee: Flail             |   103 |    22 ||   125
         Morningstar       |       |    30 ||    30
 Armour: Scale mail        |    66 |    31 ||    97
  Dodge: Dodged            |    71 |    27 ||    98

Table legend: (Time is in decaauts)
 A = Elapsed time spent in this place.
 B = Non-inter-level travel time spent in this place.
 C = Inter-level travel time spent in this place.
 D = Time resting spent in this place.
 E = Time spent auto-exploring this place.
 F = Levels seen in this place.
 G = Mean time per level.
                   A        B        C        D        E       F      G
               +--------+--------+--------+--------+--------+-----+--------+
         Total |   2045 |   2005 |     40 |     46 |   1528 |   4 |  511.2 |
       Dungeon |   2045 |   2005 |     40 |     46 |   1528 |   4 |  511.2 |
               +--------+--------+--------+--------+--------+-----+--------+

Top non-repeatable levels by time:
     D:1: 855 daAuts
     D:3: 534 daAuts
     D:2: 511 daAuts
     D:4: 143 daAuts
